TOP OF THE 1ST |
Newark Bulldogs batting - Pitching for Intercourse Amish : RHP Jeff Davis
|
Pitching: RHP Jeff Davis
|
|
Batting: RHB Peter Sexton
|
0-0: Ground out U3 (Groundball, 3L)
|
Batting: RHB Emílio Salas
|
0-0: Fly out, F6 (Popup, 6D)
|
Batting: LHB Marvin Morris
|
0-0: Foul Ball, location: 2F 0-1: Ball 1-1: SINGLE (Line Drive, 9LM)
|
Batting: LHB Gabriel Aragón
|
0-0: Called Strike 0-1: Foul Ball, location: 2F 0-2: Strikes out looking
|
Top of the 1st over - 0 run(s), 1 hit(s), 0 error(s), 1 left on base; Newark 0 - Intercourse 0 |
BOTTOM OF THE 1ST |
Intercourse Amish batting - Pitching for Newark Bulldogs : RHP Carl Rojas
|
Pitching: RHP Carl Rojas
|
|
Batting: LHB Dave Reynolds
|
0-0: Called Strike 0-1: Fly out, F5 (Popup, 5D)
|
Batting: RHB Frank Maxwell
|
0-0: Ball 1-0: Ball 2-0: Ball 3-0: Called Strike 3-1: Foul Ball, location: 2F 3-2: Ground out 6-3 (Groundball, 6)
|
Batting: RHB John Little
|
0-0: DOUBLE (Line Drive, 9)
|
Batting: RHB Juan Estrada
|
0-0: Called Strike 0-1: Foul Ball, location: 2F 0-2: Ball 1-2: Ball 2-2: Foul Ball, location: 2F 2-2: Foul Ball, location: 2F 2-2: Ball 3-2: Foul Ball, location: 2F 3-2: Foul Ball, location: 2F 3-2: Strikes out looking
|
Bottom of the 1st over - 0 run(s), 1 hit(s), 0 error(s), 1 left on base; Newark 0 - Intercourse 0 |
TOP OF THE 2ND |
Newark Bulldogs batting - Pitching for Intercourse Amish : RHP Jeff Davis
|
Batting: LHB Wes Stone
|
0-0: Foul Ball, location: 2F 0-1: Ball 1-1: Foul Ball, location: 2F 1-2: Ball 2-2: Ball 3-2: Base on Balls
|
Batting: RHB Norris Howard
|
0-0: Ball 1-0: Called Strike 1-1: Ball 2-1: Fielders Choice at 2nd, 6-4 (Groundball, 6M)
|
Batting: LHB Wes Thompson
|
0-0: Ball 1-0: Foul Ball, location: 2F 1-1: Called Strike 1-2: Grounds out, U3 (Groundball, 3L)
|
Batting: RHB Joe Baker
|
0-0: Ball 1-0: Called Strike 1-1: Ground out 5-3 (Groundball, 5L)
|
Top of the 2nd over - 0 run(s), 0 hit(s), 0 error(s), 1 left on base; Newark 0 - Intercourse 0 |
BOTTOM OF THE 2ND |
Intercourse Amish batting - Pitching for Newark Bulldogs : RHP Carl Rojas
|
Batting: RHB Juan Caceres
|
0-0: Ball 1-0: SINGLE (Groundball, 15S) (infield hit)
|
Batting: LHB Caleb Hall
|
0-0: Ball 1-0: Ball 2-0: Called Strike 2-1: Ball 3-1: Fly out, F7 (Flyball, 78S)
|
Batting: SHB Conan Hanson
|
0-0: Ball 1-0: Foul Ball, location: 2F 1-1: Called Strike 1-2: Strikes out swinging Juan Caceres steals 2nd base Batter strikes out.
|
Batting: RHB Leon Heath
|
0-0: Ball 1-0: Called Strike 1-1: Ground out 5-3 (Groundball, 5)
|
Bottom of the 2nd over - 0 run(s), 1 hit(s), 0 error(s), 1 left on base; Newark 0 - Intercourse 0 |
TOP OF THE 3RD |
Newark Bulldogs batting - Pitching for Intercourse Amish : RHP Jeff Davis
|
Batting: RHB Wilson Flores
|
0-0: Ground out 1-3 (Groundball, P)
|
Batting: RHB Peter Sexton
|
0-0: Ball 1-0: Called Strike 1-1: Called Strike 1-2: Strikes out swinging
|
Batting: RHB Emílio Salas
|
0-0: Called Strike 0-1: Fly out, F6 (Line Drive, 6)
|
Top of the 3rd over - 0 run(s), 0 hit(s), 0 error(s), 0 left on base; Newark 0 - Intercourse 0 |
BOTTOM OF THE 3RD |
Intercourse Amish batting - Pitching for Newark Bulldogs : RHP Carl Rojas
|
Batting: RHB Pablo Díaz
|
0-0: Called Strike 0-1: Called Strike 0-2: Ball 1-2: Foul Ball, location: 2F 1-2: Strikes out swinging
|
Batting: LHB Dave Reynolds
|
0-0: Ball 1-0: Ball 2-0: Called Strike 2-1: Ground out 4-3 (Groundball, 4)
|
Batting: RHB Frank Maxwell
|
0-0: Called Strike 0-1: Ball 1-1: Ball 2-1: Foul Ball, location: 2F 2-2: Strikes out looking
|
Bottom of the 3rd over - 0 run(s), 0 hit(s), 0 error(s), 0 left on base; Newark 0 - Intercourse 0 |
TOP OF THE 4TH |
Newark Bulldogs batting - Pitching for Intercourse Amish : RHP Jeff Davis
|
Batting: LHB Marvin Morris
|
0-0: Called Strike 0-1: Hit by Pitch
|
Batting: LHB Gabriel Aragón
|
0-0: Ball 1-0: Ball 2-0: Foul Ball, location: 2F 2-1: Ball 3-1: Foul Ball, location: 2F 3-2: Ground out 3-1 (Groundball, 34) Marvin Morris to second
|
Batting: LHB Wes Stone
|
0-0: Ball 1-0: Ball 2-0: Ball 3-0: Called Strike 3-1: Foul Ball, location: 2F 3-2: SINGLE (Groundball, 56) (infield hit) Marvin Morris to third
|
Batting: RHB Norris Howard
|
0-0: DOUBLE (Line Drive, 7LD) Marvin Morris scores Wes Stone to third
|
Batting: LHB Wes Thompson
|
0-0: Swinging Strike 0-1: Foul Ball, location: 2F 0-2: Ball 1-2: Ball 2-2: Foul Ball, location: 2F 2-2: Foul Ball, location: 2F 2-2: Ball 3-2: Foul Ball, location: 2F 3-2: Strikes out swinging
|
Batting: RHB Joe Baker
|
0-0: Ball 1-0: Ball 2-0: Foul Ball, location: 2F 2-1: Ball 3-1: SINGLE (Line Drive, 9LM) Wes Stone scores Norris Howard to third Runner from 3rd tries for Home, SAFE, no throw
|
Batting: RHB Wilson Flores
|
0-0: Called Strike 0-1: Ball 1-1: Ball 2-1: Fielders Choice at 2nd, 5-4 (Groundball, 5L)
|
Top of the 4th over - 3 run(s), 3 hit(s), 0 error(s), 0 left on base; Newark 3 - Intercourse 0 |
BOTTOM OF THE 4TH |
Intercourse Amish batting - Pitching for Newark Bulldogs : RHP Carl Rojas
|
Batting: RHB John Little
|
0-0: Foul Ball, location: 2F 0-1: Ball 1-1: Foul Ball, location: 2F 1-2: Ground out 3-1 (Groundball, 34S)
|
Batting: RHB Juan Estrada
|
0-0: Ground out 6-3 (Groundball, 6)
|
Batting: RHB Juan Caceres
|
0-0: Ball 1-0: Called Strike 1-1: Foul Ball, location: 2F 1-2: Ball 2-2: Foul Ball, location: 2F 2-2: Ground out 6-3 (Groundball, 6)
|
Bottom of the 4th over - 0 run(s), 0 hit(s), 0 error(s), 0 left on base; Newark 3 - Intercourse 0 |
TOP OF THE 5TH |
Newark Bulldogs batting - Pitching for Intercourse Amish : RHP Jeff Davis
|
Batting: RHB Peter Sexton
|
0-0: Called Strike 0-1: Called Strike 0-2: Strikes out swinging
|
Batting: RHB Emílio Salas
|
0-0: Fly out, F9 (Flyball, 9)
|
Batting: LHB Marvin Morris
|
0-0: Ball 1-0: Ball 2-0: Ball 3-0: Base on Balls
|
Batting: LHB Gabriel Aragón
|
0-0: Ball 1-0: Foul Ball, location: 2F 1-1: Swinging Strike 1-2: Ball 2-2: Ball 3-2: Strikes out swinging
|
Top of the 5th over - 0 run(s), 0 hit(s), 0 error(s), 1 left on base; Newark 3 - Intercourse 0 |
BOTTOM OF THE 5TH |
Intercourse Amish batting - Pitching for Newark Bulldogs : RHP Carl Rojas
|
Batting: LHB Caleb Hall
|
0-0: Reached on error, E4 (Groundball, 4MD)
|
Batting: SHB Conan Hanson
|
0-0: Foul Ball, location: 2F 0-1: Foul Ball, location: 2F 0-2: Ground out 3-1 (Groundball, 34) Caleb Hall to third
|
Batting: RHB Leon Heath
|
0-0: Ball 1-0: Fly out, F6 (Line Drive, 6)
|
Batting: RHB Pablo Díaz
|
0-0: Ball 1-0: Called Strike 1-1: Ball 2-1: Ball 3-1: Foul Ball, location: 2F 3-2: Base on Balls
|
Batting: LHB Dave Reynolds
|
0-0: Foul Ball, location: 2F 0-1: Swinging Strike 0-2: Ball 1-2: Foul Ball, location: 2F 1-2: Ground out 6-3 (Groundball, 6MS)
|
Bottom of the 5th over - 0 run(s), 0 hit(s), 1 error(s), 2 left on base; Newark 3 - Intercourse 0 |
TOP OF THE 6TH |
Newark Bulldogs batting - Pitching for Intercourse Amish : RHP Jeff Davis
|
Batting: LHB Wes Stone
|
0-0: DOUBLE (Line Drive, 78D)
|
Batting: RHB Norris Howard
|
0-0: Foul Ball, location: 2F 0-1: SINGLE (Flyball, 8LM) Wes Stone to third
|
Batting: LHB Wes Thompson
|
0-0: Ball 1-0: Ground out 6-3 (Groundball, 6) Norris Howard to second
|
Batting: RHB Joe Baker
|
0-0: Ball 1-0: Ball 2-0: Called Strike 2-1: Ball 3-1: Called Strike 3-2: Foul Ball, location: 2F 3-2: Base on Balls
|
Batting: RHB Wilson Flores
|
0-0: Ball 1-0: Called Strike 1-1: Ball 2-1: Grounds into fielders choice 4-2 (Groundball, 4MD) Norris Howard to third Joe Baker to second
|
Pitching: RHP David Nanod
|
|
Batting: RHB Peter Sexton
|
0-0: Ball 1-0: Foul Ball, location: 2F 1-1: Fielders Choice at 2nd, U4 (Groundball, 4M)
|
Top of the 6th over - 0 run(s), 2 hit(s), 0 error(s), 3 left on base; Newark 3 - Intercourse 0 |
BOTTOM OF THE 6TH |
Intercourse Amish batting - Pitching for Newark Bulldogs : RHP Carl Rojas
|
Batting: RHB Frank Maxwell
|
0-0: Foul Ball, location: 2F 0-1: Ground out 6-3 (Groundball, 6)
|
Batting: RHB John Little
|
0-0: Ball 1-0: Foul Ball, location: 2F 1-1: Foul Ball, location: 2F 1-2: Fly out, F9 (Flyball, 9S)
|
Batting: RHB Juan Estrada
|
0-0: Ball 1-0: Foul Ball, location: 2F 1-1: Foul Ball, location: 2F 1-2: Ball 2-2: Foul Ball, location: 2F 2-2: Fly out, F5 (Popup, 56S)
|
Bottom of the 6th over - 0 run(s), 0 hit(s), 0 error(s), 0 left on base; Newark 3 - Intercourse 0 |
TOP OF THE 7TH |
Newark Bulldogs batting - Pitching for Intercourse Amish : RHP David Nanod
|
Batting: RHB Emílio Salas
|
0-0: Ball 1-0: Foul Ball, location: 2F 1-1: SINGLE (Line Drive, 78S)
|
Batting: LHB Marvin Morris
|
0-0: Called Strike 0-1: DOUBLE (Groundball, 3L) Emílio Salas to third
|
Batting: LHB Gabriel Aragón
|
0-0: Called Strike 0-1: Called Strike 0-2: Strikes out looking
|
Batting: LHB Wes Stone
|
0-0: Intentional Walk
|
Pinch Hitting: RHB Tony Long
|
0-0: Foul Ball, location: 2F 0-1: Ball 1-1: Swinging Strike 1-2: SINGLE (Line Drive, 56D) Emílio Salas scores Marvin Morris to third Wes Stone to second Runner from 3rd tries for Home, SAFE, no throw
|
Pitching: RHP Cristián Torres
|
|
Batting: LHB Wes Thompson
|
0-0: Ball 1-0: Foul Ball, location: 2F 1-1: Called Strike 1-2: Ball 2-2: Grounds into double play, 5-4-3 (Groundball, 56)
|
Top of the 7th over - 2 run(s), 3 hit(s), 0 error(s), 1 left on base; Newark 5 - Intercourse 0 |
BOTTOM OF THE 7TH |
Intercourse Amish batting - Pitching for Newark Bulldogs : RHP Carl Rojas
|
Now at 1B: Tony Long
|
|
Batting: RHB Juan Caceres
|
0-0: Called Strike 0-1: Ground out 6-3 (Groundball, 56)
|
Batting: LHB Caleb Hall
|
0-0: Foul Ball, location: 2F 0-1: Called Strike 0-2: Strikes out swinging
|
Batting: SHB Conan Hanson
|
0-0: Ball 1-0: Ball 2-0: Ball 3-0: Called Strike 3-1: DOUBLE (Flyball, 78M)
|
Pitching: LHP Josh Wall
|
|
Batting: RHB Leon Heath
|
0-0: Ball 1-0: Swinging Strike 1-1: Foul Ball, location: 2F 1-2: Ball 2-2: Ground out 6-3 (Groundball, 6)
|
Bottom of the 7th over - 0 run(s), 1 hit(s), 0 error(s), 1 left on base; Newark 5 - Intercourse 0 |
TOP OF THE 8TH |
Newark Bulldogs batting - Pitching for Intercourse Amish : RHP Cristián Torres
|
Batting: RHB Joe Baker
|
0-0: Ball 1-0: Foul Ball, location: 2F 1-1: SOLO HOME RUN (Flyball, 78XD), Distance : 419 ft
|
Batting: RHB Wilson Flores
|
0-0: SINGLE (Flyball, 78S)
|
Batting: RHB Peter Sexton
|
0-0: Called Strike 0-1: Ball 1-1: Called Strike 1-2: SINGLE (Line Drive, 4M) Wilson Flores to second
|
Batting: RHB Emílio Salas
|
0-0: Swinging Strike 0-1: Ball 1-1: Called Strike 1-2: Foul Ball, location: 2F 1-2: Strikes out swinging
|
Batting: LHB Marvin Morris
|
0-0: Ball 1-0: Ball 2-0: Grounds into double play, 4-6-3 (Groundball, 4D)
|
Top of the 8th over - 1 run(s), 3 hit(s), 0 error(s), 1 left on base; Newark 6 - Intercourse 0 |
BOTTOM OF THE 8TH |
Intercourse Amish batting - Pitching for Newark Bulldogs : LHP Josh Wall
|
Now at 2B: Stan Simpson
|
|
Now at 3B: Juan Martínez
|
|
Batting: RHB Pablo Díaz
|
0-0: Called Strike 0-1: Called Strike 0-2: Ball 1-2: Strikes out swinging
|
Batting: LHB Dave Reynolds
|
0-0: Fly out, F3 (Popup, 3L)
|
Batting: RHB Frank Maxwell
|
0-0: Ball 1-0: Foul Ball, location: 2F 1-1: Ball 2-1: Ball 3-1: Called Strike 3-2: Strikes out swinging
|
Bottom of the 8th over - 0 run(s), 0 hit(s), 0 error(s), 0 left on base; Newark 6 - Intercourse 0 |
TOP OF THE 9TH |
Newark Bulldogs batting - Pitching for Intercourse Amish : RHP Cristián Torres
|
Batting: LHB Gabriel Aragón
|
0-0: Called Strike 0-1: Foul Ball, location: 2F 0-2: Fly out, F8 (Flyball, 8LM)
|
Batting: LHB Wes Stone
|
0-0: Foul Ball, location: 2F 0-1: Ball 1-1: Ball 2-1: Called Strike 2-2: Ball 3-2: SINGLE (Groundball, 25) (infield hit)
|
Batting: RHB Tony Long
|
0-0: Called Strike 0-1: Called Strike Wes Stone steals 2nd base 0-2: Ball 1-2: Foul Ball, location: 2F 1-2: Ball 2-2: SINGLE (Groundball, 56D) Wes Stone to third Runner from 3rd tries for Home, SAFE, no throw
|
Pitching: LHP Manuel Encarnación
|
|
Batting: LHB Wes Thompson
|
0-0: Called Strike 0-1: Ball 1-1: Ball 2-1: Ball 3-1: Reached on error, E4 (Groundball, 4) Tony Long to second
|
Batting: RHB Joe Baker
|
0-0: Ball 1-0: Called Strike 1-1: Ball 2-1: Foul Ball, location: 2F 2-2: Strikes out swinging
|
Batting: RHB Juan Martínez
|
0-0: Fielders Choice at 2nd, 4-6 (Groundball, 4)
|
Top of the 9th over - 1 run(s), 2 hit(s), 1 error(s), 1 left on base; Newark 7 - Intercourse 0 |
BOTTOM OF THE 9TH |
Intercourse Amish batting - Pitching for Newark Bulldogs : LHP Josh Wall
|
Batting: RHB John Little
|
0-0: Ball 1-0: Ball 2-0: Called Strike 2-1: SINGLE (Groundball, 6MD)
|
Batting: RHB Juan Estrada
|
0-0: Foul Ball, location: 2F 0-1: Called Strike 0-2: Foul Ball, location: 2F 0-2: Strikes out looking
|
Batting: RHB Juan Caceres
|
0-0: Ball 1-0: Ball 2-0: Fly out, F8 (Flyball, 8RS)
|
Batting: LHB Caleb Hall
|
0-0: Fly out, F6 (Line Drive, 6M)
|
Bottom of the 9th over - 0 run(s), 1 hit(s), 0 error(s), 1 left on base; Newark 7 - Intercourse 0 |
|